Map: Emerald City CE

Players

Ekelpack

  • Race: Zerg Zerg
  • Spawn Location: 5:00

Nyck

  • Race: Terran Terran
  • Spawn Location: 5:00

DAGHERR

  • Race: Protoss Protoss
  • League: Master
  • Spawn Location: 11:00

buzz

  • Race: Protoss Protoss
  • League: Gold
  • Spawn Location: 11:00

VOD

Have the link to the VOD?

Description

Time

  • Played on: Feb. 25, 2025, 3:08 p.m.
  • Length: 19:45
Show
View Real Time Build Order
Export as new Build Order

Ekelpack Zerg 

Build Orders: Hatch First, Lurkers, Roach Hydra 

Get SALT Encoding   

  12  0:00  Drone  
  13  0:12  Overlord  
  13  0:17  Drone  
  14  0:30  Drone x2  
  14  0:35  Drone  
  17  0:54  Hatchery  
  17  0:55  Drone  
  17  1:01  Drone, Extractor  
  17  1:16  Spawning Pool  
  17  1:17  Drone  
  17  1:29  Drone x2  
  19  1:38  Drone  
  20  1:51  Overlord  
  20  2:02  Queen  
  20  2:06  Queen  
  20  2:07  Drone  
  25  2:17  Drone x2  
  27  2:23  Drone  
  27  2:26  Drone  
  29  2:32  Drone  
  29  2:33  Drone  
  31  2:43  Lair  
  31  2:52  Roach Warren  
  31  2:54  Evolution Chamber  
  29  2:58  Spine Crawler  
  29  3:01  Spine Crawler, Drone x2  
  29  3:09  Queen  
  31  3:31  Overlord  
  31  3:32  Overlord  
  31  3:33  Roach x2  
  35  3:45  Zerg Missile Weapons Level 1  
  35  3:51  Roach x4  
  35  3:52  Roach  
  45  3:58  Roach  
  45  4:00  Extractor  
  46  4:13  Roach  
  46  4:14  Overlord  
  48  4:18  Drone  
  48  4:19  Drone  
  50  4:35  Overseer  
  48  4:48  Roach x4  
  53  5:03  Drone x6  
  53  5:07  Extractor  
  58  5:08  Extractor  
  57  5:14  Drone  
  57  5:15  Drone x2  
  57  5:18  Hydralisk Den  
  59  5:30  Drone  
  59  5:32  Overlord  
  60  5:42  Overlord x2  
  60  5:47  Grooved Spines  
  60  5:53  Queen  
  62  6:05  Hydralisk x5  
  62  6:06  Hydralisk  
  74  6:42  Hatchery  
  74  6:45  Hydralisk x5  
  83  6:48  Overlord  
  83  6:53  Drone  
  84  7:12  Overseer  
  84  7:23  Hydralisk x4  
  92  7:50  Overlord x3  
  92  7:53  Muscular Augments  
  92  7:54  Glial Reconstitution  
  92  7:58  Drone x5  
  97  8:08  Queen  
  99  8:17  Drone x4  
  99  8:18  Drone x2  
  59  8:57  Hydralisk  
  59  8:58  Hydralisk x6  
  59  8:59  Hydralisk x3  
  69  9:06  Zerg Missile Weapons Level 2  
  69  9:21  Hydralisk x2  
  69  9:22  Hydralisk x3  
  79  9:36  Hydralisk x2  
  79  9:37  Hydralisk x2  
  87  9:54  Hydralisk x3  
  87  9:55  Hydralisk x2  
  97  10:10  Hydralisk x4  
  103  10:26  Hydralisk x4  
  81  10:42  Hydralisk x4  
  77  10:55  Hydralisk x4  
  81  11:03  Drone x3  
  84  11:24  Drone x3  
  87  11:26  Extractor  
  87  11:30  Zerg Ground Armor Level 1  
  86  11:34  Hydralisk x3  
  86  11:35  Hydralisk x2  
  96  11:42  Overlord x2  
  96  11:53  Drone x3  
  99  12:09  Lurker Den  
  99  12:10  Drone x2  
  99  12:11  Drone  
  99  12:13  Extractor  
  100  12:16  Drone x2  
  102  12:41  Hydralisk x6  
  102  12:42  Overlord  
  102  12:43  Overlord  
  114  12:58  Overlord x2  
  114  13:13  Burrow  
  114  13:15  Lurker  
  114  13:16  Lurker x5  
  114  13:17  Lurker x2  
  114  13:19  Overlord x2, Hydralisk x3  
  122  13:20  Hydralisk x6  
  122  13:21  Hydralisk  
  142  13:39  Zerg Ground Armor Level 2  
  142  13:45  Infestation Pit  
  141  13:54  Hydralisk x2  
  147  13:55  Roach  
  147  13:56  Roach x7  
  147  13:57  Roach  
  137  14:27  Roach  
  137  14:28  Roach x6  
  137  14:29  Roach x3  
  96  14:47  Hydralisk  
  96  14:48  Hydralisk x5  
  101  15:05  Hydralisk x6  
  101  15:06  Hydralisk  
  113  15:16  Hydralisk x3  
  111  15:42  Hydralisk x3  
  107  15:43  Hydralisk x4  
  101  15:53  Hydralisk x2  
  101  15:54  Roach x2  
  101  15:55  Roach x4  
  93  16:43  Hydralisk  
  93  16:44  Hydralisk x6  
  93  16:45  Hydralisk x6  
  119  17:20  Hydralisk  
  119  17:21  Hydralisk x6  
  119  17:22  Hydralisk x2  
  137  17:29  Overlord  
  137  17:30  Hatchery, Extractor  
  137  17:33  Extractor  
  96  18:33  Roach x7  
  96  18:34  Roach x6  
  99  18:35  Roach  
  88  18:59  Roach x2  
  91  19:05  Hatchery  
  91  19:07  Extractor  
  91  19:09  Extractor  
Show
View Real Time Build Order
Export as new Build Order

Nyck Terran 

Build Orders: Reaper Expand 

Get SALT Encoding   

  12  0:00  SCV  
  13  0:12  SCV  
  14  0:17  Supply Depot  
  14  0:24  SCV  
  15  0:39  SCV  
  15  0:41  Barracks  
  16  0:46  Refinery  
  16  0:51  SCV  
  17  1:03  SCV  
  18  1:16  SCV  
  19  1:30  Orbital Command  
  19  1:33  Reaper  
  20  1:43  Command Center  
  20  1:55  SCV  
  20  2:00  Refinery  
  21  2:05  Supply Depot  
  21  2:12  SCV  
  21  2:14  Barracks Tech Lab  
  22  2:25  SCV  
  23  2:34  Marauder  
  23  2:35  Concussive Shells  
  25  2:37  SCV  
  26  2:49  SCV  
  27  3:01  Engineering Bay  
  27  3:07  SCV, Barracks  
  27  3:08  SCV  
  27  3:09  Barracks  
  27  3:10  Marauder  
  31  3:13  Barracks  
  32  3:27  Bunker  
  32  3:28  SCV  
  32  3:29  Planetary Fortress  
  32  3:40  SCV  
  33  3:42  Missile Turret  
  33  3:45  Missile Turret  
  33  3:54  SCV  
  34  4:05  Barracks Reactor x3  
  34  4:06  SCV  
  34  4:08  Barracks Reactor  
  35  4:11  SCV  
  35  4:14  Terran Infantry Weapons Level 1  
  36  4:20  SCV  
  37  4:30  SCV  
  36  4:58  Marine x4  
  36  4:59  Marine  
  41  5:00  Marine  
  41  5:02  Marauder  
  44  5:07  Supply Depot  
  44  5:12  Factory  
  44  5:13  SCV x2  
  46  5:17  Refinery  
  46  5:19  Refinery  
  46  5:28  Marine x6  
  46  5:29  Combat Shield, SCV x2  
  54  5:44  Supply Depot  
  54  6:05  Marine x6  
  54  6:06  Marauder  
  54  6:08  Terran Infantry Armor Level 1  
  54  6:10  Supply Depot  
  62  6:11  Starport  
  62  6:14  Armory  
  62  6:31  SCV, Marine x5  
  62  6:32  Marauder  
  70  6:35  Supply Depot  
  70  6:39  Factory Reactor  
  70  6:48  Stimpack  
  70  6:57  SCV x2, Marine x6  
  78  7:05  Supply Depot  
  78  7:25  Factory Reactor  
  78  7:27  SCV x2, Marauder, Medivac x2  
  86  8:01  Command Center  
  86  8:04  Supply Depot, Terran Infantry Weapons Level 2  
  86  8:21  SCV x2, Marine x4, Marauder  
  86  8:25  Marine x2, Medivac x2  
  100  8:33  SCV x2  
  62  8:55  Marine x5  
  66  8:56  Marine  
  66  8:57  Marauder  
  70  9:15  Marine x4  
  70  9:16  Marine x2  
  76  9:18  Marauder  
  74  9:30  Medivac x2  
  78  9:32  Marine  
  78  9:33  Marine x3  
  78  9:34  Marine  
  78  9:38  Marine  
  83  9:40  Marauder  
  83  9:41  SCV x2  
  88  9:50  Marine x2  
  88  9:51  Marine x2  
  88  9:52  Supply Depot  
  92  9:54  Marine  
  92  9:56  Marine  
  94  10:00  Medivac x2  
  94  10:01  Marauder  
  100  10:09  Marine x2  
  100  10:10  Marine x2  
  94  10:22  Marauder  
  73  10:32  Marine  
  73  10:33  Marine x4  
  73  10:34  Marine  
  70  10:44  Marauder  
  72  10:50  Marine  
  72  10:56  Marine x4  
  72  10:57  Marine  
  77  11:03  SCV x2  
  80  11:12  Marine  
  80  11:14  Marine x2, Marauder  
  80  11:15  Marine x3  
  80  11:17  SCV x2  
  90  11:20  Medivac x2  
  90  11:24  Starport  
  94  11:27  Barracks  
  94  11:31  SCV x2  
  96  11:33  Marine  
  96  11:34  Marine x4  
  96  11:35  Marine  
  96  11:36  Marauder  
  104  11:43  SCV x2  
  104  11:44  Terran Infantry Weapons Level 3  
  106  11:48  Engineering Bay  
  106  11:50  Medivac x2  
  106  11:51  Terran Vehicle And Ship Armor Level 1  
  110  11:59  Marine x4  
  110  12:00  Marine x2  
  118  12:01  Marauder  
  118  12:08  SCV x2  
  121  12:12  Planetary Fortress  
  120  12:15  Refinery  
  120  12:16  Refinery  
  120  12:28  SCV x2  
  122  12:31  Marine x3, Command Center  
  125  12:37  Marine x3  
  125  12:38  Supply Depot, Terran Infantry Armor Level 2  
  125  12:40  SCV x2  
  125  12:44  Barracks Reactor  
  130  12:51  SCV  
  131  12:57  SCV x2  
  133  13:03  SCV  
  134  13:06  Marine x5  
  134  13:07  Marine  
  134  13:08  Marauder  
  134  13:09  SCV, Medivac x4  
  151  13:14  SCV  
  151  13:15  SCV  
  153  13:21  SCV  
  153  13:23  Marine  
  153  13:24  Marine  
  153  13:25  Marine  
  157  13:30  Refinery  
  157  13:35  Supply Depot, Marine x4  
  157  13:36  SCV x2, Marauder  
  165  13:42  Marine x3  
  165  13:45  Medivac x3  
  174  13:53  Fusion Core  
  174  13:57  Supply Depot, Marauder  
  174  13:58  Orbital Command  
  174  14:01  SCV x3, Refinery  
  179  14:03  Marine  
  179  14:04  Marine x4  
  179  14:06  Marine  
  185  14:13  SCV x2  
  187  14:30  Marine  
  187  14:31  Marine x8  
  143  14:48  Marine  
  143  14:49  Marine x8  
  141  14:55  SCV x2  
  141  14:56  SCV x2  
  143  15:06  Marine x3  
  143  15:07  SCV, Marine x6  
  143  15:20  Missile Turret  
  139  15:23  Missile Turret  
  139  15:24  Marine x9  
  128  15:42  Marine x9  
  130  15:56  Viking  
  130  15:57  Viking x3  
  135  15:59  Marine  
  135  16:00  Marine x8  
  137  16:17  Marine  
  137  16:18  Marine x8  
  132  16:26  Viking  
  132  16:27  Viking  
  132  16:32  Viking x2  
  140  16:35  Marine  
  140  16:36  Marine x8  
  140  16:37  SCV x2  
  140  16:38  SCV  
  152  16:49  SCV  
  152  16:50  SCV x2  
  152  16:53  Marine x4  
  159  16:56  Marine x2  
  161  17:03  Command Center  
  141  17:16  SCV x3  
  141  17:19  Marine x4  
  141  17:20  Marine x3  
  141  17:22  Marine  
  152  17:41  SCV x2  
  152  17:42  SCV  
  155  17:44  Marine  
  155  17:45  Marine x5  
  155  17:46  Marine  
  162  17:56  Supply Depot  
  125  18:32  Marine  
  125  18:33  Marine x8  
  119  18:35  Viking  
  119  18:36  Viking x3  
  127  18:50  Marine  
  127  18:51  Marine x8  
  131  19:05  Viking  
  131  19:06  Viking  
  131  19:08  Marine x2  
  108  19:23  Marine x5  
  108  19:24  Marine x2  
  85  19:26  Marine x2  
Show
View Real Time Build Order
Export as new Build Order

DAGHERR Protoss 

Build Orders: Dark Templar Rush 

Get SALT Encoding   

  12  0:00  Probe  
  13  0:12  Probe  
  14  0:17  Pylon  
  14  0:24  Probe  
  15  0:37  Probe  
  15  0:39  Gateway  
  16  0:45  Assimilator  
  16  0:49  Probe  
  17  1:01  Assimilator, Probe  
  18  1:12  Probe  
  19  1:20  Probe  
  20  1:28  Cybernetics Core, Probe  
  21  1:34  Pylon  
  21  1:48  Probe  
  22  1:58  Warp Gate  
  22  2:00  Probe  
  23  2:02  Stalker, Pylon  
  23  2:09  Twilight Council  
  25  2:33  Gateway  
  25  2:35  Pylon  
  25  2:51  Dark Shrine  
  25  2:54  Gateway  
  25  2:59  Gateway  
  25  3:36  Nexus  
  25  4:03  Dark Templar x2  
  25  4:04  Dark Templar x2  
  25  4:08  Probe  
  33  4:17  Probe  
  35  4:26  Probe  
  36  4:38  Probe  
  37  4:50  Probe  
  30  5:00  Probe  
  30  5:02  Probe  
  30  5:05  Robotics Facility  
  30  5:06  Robotics Facility  
  32  5:11  Probe  
  33  5:14  Probe  
  33  5:16  Templar Archives  
  33  5:20  Probe  
  34  5:22  Assimilator  
  34  5:25  Assimilator  
  34  5:26  Probe  
  34  5:28  Probe  
  37  5:38  Probe x2  
  39  5:46  Immortal  
  39  5:50  Probe x2, Immortal  
  45  6:02  Probe x2  
  51  6:14  Probe  
  51  6:15  Probe  
  51  6:16  Pylon  
  51  6:17  Immortal  
  53  6:21  Psionic Storm  
  53  6:26  Probe  
  53  6:27  Probe  
  59  6:37  Forge  
  59  6:52  Immortal  
  59  6:53  High Templar  
  65  7:03  Pylon  
  65  7:06  Immortal  
  69  7:09  Pylon  
  69  7:18  Pylon  
  69  7:22  Pylon  
  69  7:23  Pylon  
  69  7:36  Immortal  
  73  7:37  Pylon  
  73  7:40  High Templar x2  
  73  7:41  Shield Battery  
  75  7:44  High Templar  
  77  8:01  Nexus  
  77  8:02  Pylon  
  77  8:10  Immortal  
  77  8:12  Protoss Shields Level 1  
  77  8:13  Probe x2  
  77  8:14  Observer  
  77  8:18  Pylon  
  77  8:19  Charge  
  83  8:21  Assimilator  
  83  8:25  Assimilator, Probe x2  
  86  8:28  Immortal  
  84  8:53  Immortal  
  88  8:56  Archon  
  88  9:10  Robotics Bay  
  88  9:13  Probe  
  88  9:14  Pylon  
  89  9:18  Forge  
  89  9:20  High Templar x2  
  89  9:21  Assimilator, Probe  
  89  9:22  Zealot x2  
  97  9:27  Gateway  
  97  9:31  Gateway, Probe, Immortal x2  
  99  9:43  Probe  
  108  9:52  Zealot  
  110  9:53  Zealot x2  
  110  9:54  High Templar  
  110  9:55  Probe  
  117  10:07  Probe  
  118  10:17  Colossus  
  118  10:19  Probe  
  118  10:20  Colossus  
  95  10:31  Probe  
  95  10:33  Zealot, High Templar x2  
  95  10:34  Zealot x3  
  102  10:55  High Templar  
  102  10:57  Stalker, Zealot x2  
  94  10:59  Extended Thermal Lance  
  98  11:05  Gateway  
  98  11:06  Gateway  
  98  11:11  Gateway  
  98  11:21  Shield Battery  
  98  11:25  Colossus  
  98  11:27  Colossus  
  98  11:32  Nexus  
  98  11:36  Protoss Shields Level 2, Pylon  
  98  11:38  Protoss Ground Weapons Level 1, Pylon  
  98  11:39  Assimilator  
  110  11:49  Pylon  
  110  12:01  Probe  
  111  12:12  High Templar  
  111  12:13  Probe  
  114  12:17  Robotics Facility  
  114  12:19  Zealot x2  
  114  12:22  Probe x2  
  120  12:25  Probe  
  120  12:27  Colossus  
  120  12:28  Colossus  
  133  12:32  Pylon  
  133  12:34  Probe x2  
  135  12:38  Forge  
  135  12:39  Gravitic Boosters  
  135  12:41  Probe  
  136  12:46  Probe x2  
  136  12:49  Gateway  
  138  12:56  Immortal  
  138  12:57  Stalker  
  140  12:58  Stalker  
  140  12:59  Stalker x2  
  140  13:00  Protoss Ground Armor Level 1  
  140  13:02  High Templar  
  148  13:06  Assimilator  
  152  13:13  Probe  
  152  13:16  Immortal  
  153  13:21  Probe  
  162  13:27  Immortal  
  162  13:29  Probe  
  162  13:31  Zealot  
  162  13:32  High Templar x2  
  169  13:41  Probe  
  169  13:46  Immortal  
  169  13:47  Nexus  
  174  14:00  Immortal  
  178  14:06  Observer  
  179  14:23  Observer  
  104  14:58  Immortal x3  
  116  15:09  Zealot x2  
  116  15:10  Zealot x5  
  102  15:45  Colossus x3  
  116  16:29  Colossus x3  
  110  16:37  High Templar  
  110  16:38  High Templar x3  
  110  16:39  Stalker  
  132  16:40  Stalker x2  
  136  16:58  Photon Cannon  
  136  17:00  Photon Cannon  
  136  17:11  Stalker x3  
  136  17:12  Stalker x4, Colossus x2  
  136  17:13  Colossus  
  150  17:17  Protoss Ground Armor Level 2  
  150  17:27  Assimilator  
  168  17:32  Assimilator  
  168  17:33  Pylon, Probe  
  168  17:34  Robotics Facility  
  168  17:35  Observer  
  168  17:36  Robotics Facility  
  169  17:37  Observer, Pylon  
  169  17:38  Robotics Facility  
  169  17:41  Probe  
  169  17:43  Zealot x2  
  173  17:50  Probe  
  175  18:02  Stalker  
  175  18:03  Stalker x3  
  183  18:06  Disruptor x2  
  183  18:28  Archon  
  183  18:36  Immortal  
  187  18:42  Immortal x2  
  195  18:57  Zealot x2  
  185  19:17  Photon Cannon  
  185  19:19  Pylon  
  185  19:22  Photon Cannon  
  183  19:29  Photon Cannon  
  183  19:31  Photon Cannon x3  
  175  19:33  Shield Battery  
  175  19:34  Photon Cannon  
  175  19:36  Shield Battery x2  
  174  19:39  Shield Battery  
Show
View Real Time Build Order
Export as new Build Order

buzz Protoss 

Build Orders: Carriers 

Get SALT Encoding   

  12  0:00  Probe  
  13  0:13  Probe  
  14  0:23  Pylon  
  14  0:27  Assimilator  
  14  0:30  Probe  
  15  0:43  Gateway  
  15  0:46  Probe  
  16  0:53  Assimilator  
  16  0:58  Probe  
  17  1:12  Pylon  
  17  1:14  Probe  
  18  1:26  Probe  
  18  1:30  Cybernetics Core  
  19  1:38  Probe  
  20  1:48  Warp Gate  
  20  1:50  Probe  
  20  1:53  Gateway  
  21  2:02  Probe  
  21  2:04  Stalker  
  24  2:18  Shield Battery  
  24  2:22  Pylon  
  24  2:32  Gateway  
  24  2:37  Stalker  
  26  2:49  Stalker  
  28  3:05  Stalker  
  30  3:16  Stalker  
  30  3:17  Stalker  
  34  3:34  Pylon  
  34  3:39  Pylon  
  34  3:46  Twilight Council  
  34  3:51  Stalker  
  36  4:07  Stalker x2  
  40  4:14  Robotics Facility  
  40  4:23  Blink  
  40  4:31  Stalker  
  40  4:33  Stalker  
  44  5:02  Immortal  
  48  5:17  Pylon  
  48  5:20  Stalker  
  48  5:21  Stalker  
  52  5:35  Shield Battery  
  52  5:39  Shield Battery  
  52  5:55  Nexus  
  52  6:01  Observer  
  53  6:17  Pylon  
  53  6:28  Immortal  
  53  6:30  Probe  
  57  6:38  Probe  
  59  6:48  Probe  
  60  7:00  Probe  
  61  7:01  Stalker  
  61  7:02  Stalker x2  
  61  7:07  Observer  
  68  7:08  Probe  
  68  7:12  Probe  
  69  7:20  Probe  
  69  7:22  Observer  
  70  7:24  Probe  
  72  7:33  Immortal  
  72  7:37  Stalker x2  
  80  7:47  Probe  
  81  7:55  Probe  
  81  7:56  Pylon  
  81  7:58  Pylon  
  81  8:05  Probe  
  83  8:17  Probe  
  84  8:29  Probe  
  84  8:30  Assimilator  
  84  8:34  Assimilator  
  83  8:41  Probe  
  81  8:53  Probe  
  74  9:05  Probe  
  75  9:17  Probe  
  76  9:48  Nexus  
  76  9:50  Pylon  
  76  9:52  Pylon  
  76  9:53  Stargate  
  76  9:54  Pylon, Stargate  
  76  9:56  Stargate  
  76  10:09  Pylon  
  76  10:10  Pylon  
  44  10:46  Assimilator  
  40  10:51  Assimilator  
  40  10:54  Fleet Beacon, Observer  
  41  11:07  Probe  
  42  11:12  Observer  
  42  11:15  Probe  
  43  11:20  Probe  
  43  11:24  Probe  
  43  11:25  Carrier x3  
  45  11:28  Probe  
  47  11:37  Probe x2  
  47  11:39  Forge  
  67  11:49  Probe  
  67  11:50  Probe  
  69  11:57  Shield Battery  
  69  12:00  Probe  
  69  12:04  Protoss Air Weapons Level 1, Shield Battery  
  70  12:09  Probe  
  70  12:10  Pylon  
  71  12:15  Carrier  
  71  12:16  Carrier x2  
  71  12:17  Probe  
  72  12:24  Cybernetics Core  
  72  12:27  Pylon  
  72  12:28  Probe  
  91  12:30  Pylon  
  91  12:39  Photon Cannon  
  91  12:40  Photon Cannon  
  91  12:43  Photon Cannon  
  91  12:47  Photon Cannon  
  91  12:49  Photon Cannon  
  91  13:10  Carrier x2  
  91  13:15  Protoss Air Armor Level 1  
  97  13:23  Probe  
  97  13:26  Carrier  
  104  13:35  Probe  
  111  14:06  Observer  
  112  14:14  Carrier  
  118  14:24  Observer  
  101  15:08  Carrier x2  
  101  15:10  Carrier  
  95  16:09  Carrier x2  
  95  16:10  Photon Cannon  
  95  16:12  Carrier  
  95  16:14  Photon Cannon  
  95  16:17  Shield Battery  
  113  16:21  Shield Battery  
  113  16:31  Nexus  
  113  16:33  Pylon  
  113  16:36  Pylon  
  113  16:46  Protoss Air Weapons Level 2, Protoss Air Armor Level 2  
  113  17:03  Carrier  
  113  17:04  Carrier  
  113  17:07  Carrier  
  131  17:35  Shield Battery  
  131  17:38  Shield Battery  
  131  17:40  Photon Cannon  
  131  17:41  Photon Cannon  
  131  17:42  Photon Cannon  
  131  17:44  Photon Cannon  
  131  17:46  Photon Cannon  
  131  17:47  Photon Cannon  
  131  17:51  Assimilator  
  131  17:55  Assimilator  
  131  17:56  Observer  
  132  18:08  Carrier x2  
  132  18:11  Carrier  
  150  18:14  Observer  
Tags
 
Add a new tag
Caveats
  • Supply blocks, unpowered buildings, or Contaminate may cause inaccurate times.
  • Supply counts are checked every 10 seconds.